 Dungeon Crawl Stone Soup version 0.31.0-32-g396128a36d (webtiles) character file.

Game seed: 17040253333299341057

235 PaiMei the Grave Robber (level 5, -12/38 HPs)
             Began as a Demonspawn Necromancer on Apr 6, 2024.
             Mangled by Pikel
             ... wielding a +1 whip of electrocution
              (15 damage)
             ... on level 4 of the Dungeon.
             The game lasted 00:04:26 (3511 turns).

PaiMei the Grave Robber (Demonspawn Necromancer)    Turns: 3511, Time: 00:04:28

Health: -12/38     AC:  2    Str:  8    XL:     5   Next: 76%
Magic:  2/9        EV: 13    Int: 17    God:
Gold:   113        SH:  0    Dex: 14    Spells: 6/10 levels left

rFire   . . .        c - +0 mace
rCold   . . .        (no shield)
rNeg    . . .        a - +0 robe
rPois   .            (no helmet)
rElec   .            (no cloak)
rCorr   .            (no gloves)
SInv    .            (no boots)
Will    .....        m - amulet of regeneration
Stlth   ++           (no ring)
HPRegen 1.06/turn    (no ring)
MPRegen 0.11/turn

%: no passive effects
@: no status effects
A: claws 1, demonic guardian 1
a: no special abilities


You were on level 4 of the Dungeon.
You visited 1 branch of the dungeon, and saw 4 of its levels.

You collected 113 gold pieces.

Inventory:

Hand Weapons
 c - a +0 mace (weapon)
Missiles
 j - 3 datura-tipped darts (quivered)
 k - 2 poisoned darts
Armour
 a - a +0 robe (worn)
Jewellery
 m - an amulet of regeneration (around neck)
Scrolls
 e - 4 scrolls of identify {unknown}
 g - 2 scrolls of fear {unknown}
 h - a scroll of teleportation {unknown}
 i - a scroll of brand weapon {unknown}
 l - a scroll of fog {unknown}
 n - a scroll of immolation {unknown}
Potions
 b - a potion of magic
 d - 2 potions of ambrosia {unknown}
 f - a potion of enlightenment {unknown}
 o - a potion of berserk rage {unknown}
 p - a potion of curing {unknown}
 q - a potion of cancellation {unknown}
 r - a potion of heal wounds {unknown}


   Skills:
 + Level 2.1 Fighting
 + Level 3.1 Dodging
 - Level 2.3 Stealth
 + Level 3.2 Spellcasting
 + Level 5.4 Necromancy


You had 6 spell levels left.
You knew the following spells:

 Your Spells              Type           Power      Damage    Failure   Level
a - Necrotise             Necr           84%        1d8       1%          1
b - Vampiric Draining     Necr           21%        2d7       5%          3

Your spell library contained the following spells:

 Spells                   Type           Power      Damage    Failure   Level
 Fugue of the Fallen      Necr           21%        N/A       5%          3
 Sandblast                Erth           4%         2d4       17%         1
 Animate Dead             Necr           21%        N/A       19%         4
 Ensorcelled Hibernation  Hex/Ice        4%         N/A       26%         2
 Passwall                 Erth           2%         N/A       45%         3
 Stone Arrow              Conj/Erth      4%         3d7       45%         3
 Curse of Agony           Necr           21%        N/A       45%         5
 Anguish                  Hex/Necr       6%         N/A       50%         4
 Brom's Barrelling Bould  Conj/Erth      2%         2d3       86%         4


Dungeon Overview and Level Annotations

Branches:
Dungeon (4/15)
 Temple: D:4-7

Altars:

Annotations:
D:4 Pikel


Innate Abilities, Weirdness & Mutations

You have sharp fingernails.
A weak demonic guardian rushes to your aid.


Message History

Confirm with . or Enter, or press ? or * to list all spells.
Aiming: Vampiric Draining (dangerous; 5% risk of failure)
Press: ? - help, Shift-Dir - straight line, f/p - Pikel
Aim: Pikel, wielding a +1 whip of electrocution and wearing a +0 robe (moderately wounded, ally target)
You draw life force from Pikel!
You feel life coursing into your body. Pikel barely misses you.
Casting: Vampiric Draining (dangerous; 5% risk of failure)
Confirm with . or Enter, or press ? or * to list all spells.
You don't have enough magic to cast this spell.
Pikel hits you with a +1 whip of electrocution!
You hit Pikel but do no damage.
Pikel is heavily wounded.
Your quasit bites Pikel.
Your quasit claws Pikel but does no damage. x2
Pikel closely misses you. The lemure misses your quasit.
Your quasit barely misses Pikel.
Your quasit closely misses Pikel.
Your quasit barely misses Pikel.
Pikel barely misses you. The lemure misses your quasit.
Casting: Vampiric Draining (dangerous; 5% risk of failure)
Confirm with . or Enter, or press ? or * to list all spells.
You don't have enough magic to cast this spell.
You hit Pikel but do no damage.
Pikel is heavily wounded.
Your quasit closely misses Pikel.
Your quasit claws Pikel but does no damage.
Your quasit closely misses Pikel.
Pikel hits you with a +1 whip of electrocution!
* * * LOW HITPOINT WARNING * * *
The lemure closely misses your quasit.
Your quasit completely misses Pikel.
Your quasit claws Pikel but does no damage.
Your quasit barely misses Pikel.
You barely miss Pikel.
Pikel is heavily wounded.
Your quasit bites Pikel but does no damage.
Your quasit claws Pikel but does no damage. x2
Pikel hits you with a +1 whip of electrocution.
* * * LOW HITPOINT WARNING * * *
You are electrocuted!
You die...
Pikel says, "Another soul for the market."

####### #.####...........########
......###....'........)..# #....
....#....#.###...........####.###
...###+###'###+###....(..'..>...#
...#..# .....#..#.....).##...#.#
...#..# ..5#..#.......##...#..
...'..+ #55.'....##.#.......
...#..# #K5#....##.#.......
..(#..# #.@######....##.#.)
...+##+ +##+ ....#....... ...#
#.####..###.. ...# # #.... #..
...+ ##+ ### ...# # _..# # # #


You could see Pikel (ally target), 3 lemures and a friendly quasit (summoned).

Vanquished Creatures
  2 orc priests
  An orc wizard (D:2)
  4 adders
  4 gnolls (D:3)
  A dart slug (D:3)
  6 orcs
  5 ball pythons
  3 endoplasms
  4 giant cockroaches
  5 hobgoblins (D:1)
  8 jackals
  7 kobolds
  3 quokkas
  5 bats
  2 frilled lizards
  2 goblins
  2 rats
64 creatures vanquished.

Vanquished Creatures (collateral kills)
  An adder (D:3)
  2 frilled lizards
3 creatures vanquished.

Grand Total: 67 creatures vanquished

Notes
Turn   | Place    | Note
-------+----------+-------------------------------------------
     0 | D:1      | PaiMei the Demonspawn Necromancer began the quest for the
                  | Orb.
     0 | D:1      | Reached XP level 1. HP: 13/13 MP: 3/3
   356 | D:1      | Gained mutation: A weak demonic guardian rushes to your
                  | aid. [demonic ancestry]
   356 | D:1      | Reached XP level 2. HP: 19/19 MP: 1/5
   998 | D:1      | Reached XP level 3. HP: 24/24 MP: 3/6
  1880 | D:3      | Reached XP level 4. HP: 31/31 MP: 3/7
  1983 | D:3      | Found a faded altar of an unknown god.
  2166 | D:2      | Reached skill level 1 in Fighting
  2166 | D:2      | Reached skill level 5 in Necromancy
  2517 | D:3      | Gained mutation: You have sharp fingernails. [demonic
                  | ancestry]
  2517 | D:3      | Reached XP level 5. HP: 28/37 MP: 5/9
  2603 | D:3      | Learned a level 3 spell: Vampiric Draining
  3330 | D:4      | Noticed an angel
  3331 | D:4      | Noticed a lemure
  3341 | D:4      | Noticed a lemure
  3342 | D:4      | Noticed Pikel
  3342 | D:4      | Noticed a lemure
  3342 | D:4      | Noticed a lemure
  3511 | D:4      | Mangled by Pikel

Illustrated notes

Levels and vault maps discovered:
D:1:      dpeg_arrival_erosion, layout_loops_ring, minmay_hexomino_p4
D:2:      layout_rooms, grunt_decor_cap, nicolae_titane
D:3:      layout_rooms, shapermc_ecumenical_altar_mp_highgroup
D:4:      cheibrodos_fertilizer, layout_basic,
          grunt_temple_overflow_order_and_chaos_1, mainiacjoe_overflow_24_doors,
          okawaru_ov_weapons_minmay, overflow_temple_1_default,
          lemuel_zombie_altar_kikubaaqudgha, enter_ossuary_4,
          minmay_misc_feat_tower, uniq_robin, uniq_pikel

Skill      XL: |  1  2  3  4  5 |
---------------+----------------+-----
Stealth        | 2 |  2.3
Dodging        | 2 3 |  3.1
Fighting       | 1 2 |  2.1
Necromancy     | 5 |  5.4
Spellcasting   | 3 |  3.2

Action                     |  1- 3 |  4- 6 || total
---------------------------+-------+-------++-------
  Melee: Mace              |    27 |    13 ||    40
   Cast: Necrotise         |    63 |    58 ||   121
         Vampiric Draining |       |     2 ||     2
 Armour: Robe              |    25 |    23 ||    48
  Dodge: Dodged            |    38 |    19 ||    57
